 Dungeon Crawl Stone Soup version 0.31-a0-750-gfe7b580527 (webtiles) character file.

Game seed: 6178039645518804083

106 Dittersdorf the Shield-Bearer (level 4, -8/29 HPs)
             Began as a Gargoyle Fighter on Sept 14, 2023.
             Killed by an exploding jelly (37 damage)
             ... ignited by their inner flame
             ... on level 5 of the Dungeon.
             The game lasted 00:03:05 (2234 turns).

Dittersdorf the Shield-Bearer (Gargoyle Fighter)    Turns: 2234, Time: 00:03:05

Health: -8/29      AC: 11    Str: 21    XL:     4   Next: 84%
Magic:  13/13      EV: 29    Int:  9    God:
Gold:   132        SH:  4    Dex:  9    Spells: 3/3 levels left

rFire   . . .        a - +1 flail (freeze)
rCold   . . .        c - +0 buckler
rNeg    + . .        b - +0 scale mail
rPois   ∞            (no helmet)
rElec   +            (no cloak)
rCorr   .            (no gloves)
SInv    .            m - +0 pair of boots
Will    .....        k - amulet of the acrobat Stlth
                     l - ring of magical power
HPRegen 0.24/turn    o - +5 ring of evasion
MPRegen 0.13/turn

%: acrobat
@: weak-willed, acrobatic
A: sickness immunity, AC +3, negative energy resistance 1, electricity
resistance, torment resistance 1, petrification resistance
a: no special abilities


You were on level 5 of the Dungeon.
You visited 1 branch of the dungeon, and saw 4 of its levels.

You collected 132 gold pieces.

Inventory:

Hand Weapons
 a - a +1 flail of freezing (weapon)
Missiles
 s - 5 poisoned darts (quivered)
Armour
 b - a +0 scale mail (worn)
 c - a +0 buckler (worn)
 m - a +0 pair of boots (worn)
Jewellery
 k - an amulet of the acrobat (around neck)
 l - a ring of magical power (left hand)
 o - a +5 ring of evasion (right hand)
Scrolls
 j - 2 scrolls of teleportation
 x - 2 scrolls of poison {unknown}
 y - a scroll of revelation {unknown}
Potions
 d - a potion of might
 e - 3 potions of heal wounds
 f - a potion of berserk rage
 i - a potion of invisibility {unknown}
 r - 3 potions of haste {unknown}
 z - a potion of attraction {unknown}


   Skills:
 + Level 4.1 Fighting
 + Level 3.0 Maces & Flails
 + Level 4.0 Armour
 + Level 4.1 Shields


You had 3 spell levels left.
You didn't know any spells.
Your spell library contained the following spells:

 Spells                   Type           Power      Damage    Failure   Level
 Dazzling Flash           Conj/Hex       0%         N/A       98%         3
 Agony                    Necr           0%         N/A       100%        5
 Silence                  Hex/Air        0%         N/A       100%        5
 Chain Lightning          Conj/Air       0%         N/A       100%        9
 Fire Storm               Conj/Fire      0%         5d1       100%        9
 Shatter                  Erth           0%         3d5*      100%        9


Dungeon Overview and Level Annotations

Branches:
Dungeon (5/15)
 Temple: D:4-7

Altars:

Annotations:
D:2 1 runed translucent door, Crazy Yiuf


Innate Abilities, Weirdness & Mutations

You are immune to sickness and miasma.
Your stone body is resilient. (AC +3)
You are immune to poison.
You resist negative energy. (rN+)
You are resistant to electric shocks. (rElec)
You are resistant to unholy torment.
You are immune to petrification.


Message History

As you read the scroll labelled HUOWNUDOZ ILUR, it crumbles to dust.
Wisps of shadow whirl around you...
It was a scroll of summoning.
As you read the scroll labelled ABEXKE GANN, it crumbles to dust.
It is a scroll of amnesia.
You feel forgetful for a moment.
Autopickup disabled for scrolls of amnesia.
You drop a scroll of amnesia.
Your jelly closely misses the white imp.
As you read the scroll labelled YKEAT YRPHAOBEGH, it crumbles to dust.
Magic quickly surges around you.
It was a scroll of vulnerability.
Your phantom hits the white imp but does no damage.
The white imp hits your quokka but does no damage.
As you read the scroll labelled HAMAYFAKO, it crumbles to dust.
The creatures around you are filled with an inner flame!
It was a scroll of immolation.
Your quokka barely misses the white imp.
Your phantom hits the white imp.
Flame seeps out of the white imp.
Your phantom blinks!
The white imp blinks!
The white imp gestures at you. The puff of frost misses you.
Your scorpion closely misses the white imp.
Your phantom barely misses the white imp.
Your quokka closely misses the white imp.
Your scorpion stings the white imp.
Flame seeps out of the white imp.
The white imp is poisoned.
Your scorpion poisons the white imp!
The white imp is engulfed in blazing flames.
The white imp explodes!
The fiery explosion engulfs your quokka!!!
Your quokka's corpse dissolves into shadows!
The fiery explosion engulfs your phantom!!!
Your phantom dissolves into shadows!
The fiery explosion engulfs your scorpion!!!
Your scorpion's corpse dissolves into shadows!
The fiery explosion engulfs your jelly!!!
Your jelly dissolves into shadows!
Your jelly explodes!
The fiery explosion engulfs you!!!
Ouch! That really hurt!
You die...

######## #......#
##...§..#
####...§○§@#
#.......§§§§#
#........§§§..#
#..~~~~.~~~~~..<..
#..~≈≈~.~≈§~~.....
##.~≈≈≈.≈≈≈≈~.....
#.≈≈≈~.~~~~~.....
#.~~~~...........
#.......~~~~.....


There were no monsters in sight!

Vanquished Creatures
  A gnoll (D:1)
  3 adders
  A white imp (D:5)
  3 worms
  3 dart slugs
  An orc (D:3)
  9 endoplasms
  A giant cockroach (D:3)
  4 goblins
  3 hobgoblins
  8 kobolds
  3 quokkas
  3 ball pythons
  A bat (D:2)
  6 frilled lizards
  8 rats
58 creatures vanquished.

Notes
Turn   | Place    | Note
-------+----------+-------------------------------------------
     0 | D:1      | Dittersdorf the Gargoyle Fighter began the quest for the
                  | Orb.
     0 | D:1      | Reached XP level 1. HP: 14/14 MP: 1/1
    64 | D:1      | Reached XP level 2. HP: 19/19 MP: 2/2
   512 | D:1      | Reached XP level 3. HP: 23/23 MP: 3/3
  1106 | D:2      | Reached XP level 4. HP: 29/29 MP: 4/4
  1228 | D:2      | Found a runed translucent door.
  1229 | D:2      | Noticed Crazy Yiuf
  2191 | D:3      | You fall into a shaft and drop 2 floors!
  2191 | D:5      | Entered Level 5 of the Dungeon
  2234 | D:5      | Killed by an exploding jelly... ignited by their inner
                  | flame

Illustrated notes

Levels and vault maps discovered:
D:1:      lightli_arrival_maybe_door_vault, layout_basic
D:2:      layout_loops_ring, kennysheep_doodads, minivault_5,
          kennysheep_generic_room_6, uniq_crazy_yiuf_cottage
D:3:      layout_loops_cross, minmay_overflow_temple_star_quad,
          grunt_decor_mini_mirrors
D:5:      layout_rooms, mainiacjoe_overflow_tiny_flanked,
          minmay_temple_entry_wispy, minivault_14

Skill      XL: |  1  2  3  4 |
---------------+-------------+-----
Fighting       | 4 |  4.1
Armour         | 4 |  4.0
Shields        | 4 |  4.1
Maces & Flails | 3 |  3.0

Action                     |  1- 3 |  4- 6 || total
---------------------------+-------+-------++-------
  Melee: Flail             |    94 |    91 ||   185
    Use: Scroll            |       |    11 ||    11
 Armour: Scale mail        |    54 |    21 ||    75
  Dodge: Dodged            |    43 |    70 ||   113
  Block: Buckler           |    15 |    20 ||    35

Table legend: (Time is in decaauts)
 A = Elapsed time spent in this place.
 B = Non-inter-level travel time spent in this place.
 C = Inter-level travel time spent in this place.
 D = Time resting spent in this place.
 E = Time spent auto-exploring this place.
 F = Levels seen in this place.
 G = Mean time per level.
                   A        B        C        D        E       F      G
               +--------+--------+--------+--------+--------+-----+--------+
         Total |   2290 |   2123 |    167 |      0 |   1650 |   4 |  572.5 |
       Dungeon |   2290 |   2123 |    167 |      0 |   1650 |   4 |  572.5 |
               +--------+--------+--------+--------+--------+-----+--------+

Top non-repeatable levels by time:
     D:1: 1081 daAuts
     D:2: 833 daAuts
     D:3: 332 daAuts
     D:5: 42 daAuts
